[Event "Titled Tuesday Blitz July 11 Early 2023"]
[White "Kantor, Gergely"]
[Black "Borrmann, Laurenz"]
[WhiteFideId "751499"]
[BlackFideId "312187930"]
[WhiteElo "2824"]
[BlackElo "2556"]
[Result "0-1"]
[Round "2"]
[TimeControl "180+2"]
[Date "2023.07.11"]
[WhiteClock "0:00:00"]
[BlackClock "0:00:17"]
[Board "38"]

1. e4 e5 2. Nf3 Nc6 3. Bc4 Bc5 4. c3 Nf6 5. d3 d6 6. O-O O-O 7. Re1 a5 8. h3 h6 9. Nbd2 Be6 10. Bb5 Qb8 11. Nf1 Qa7 12. Qd2 Ne7 13. Ng3 a4 14. d4 Bb6 15. dxe5 dxe5 16. Nxe5 Qa5 17. Qe2 c6 18. Nxc6 bxc6 19. Bd3 Qe5 20. Kh2 Ng6 21. Bc2 Rfd8 22. Rf1 Nf4 23. Bxf4 Qxf4 24. Bd3 Qg5 25. e5 Nh5 26. Nxh5 Rxd3 27. f4 Qh4 28. f5 Re3 29. Qd1 Bd5 30. Rf4 Qg5 31. Rg4 Qxf5 32. Rxg7+ Kf8 33. Rg3 Rxg3 34. Nxg3 Qxe5 35. Qg4 Bc7 36. Rf1 Re8 37. c4 Be6 38. Qf3 Bxc4 39. Rc1 Bd5 40. Qf2 Qg5 41. Rc3 h5 42. Qc5+ Kg8 43. Qd4 h4 0-1


[Site "https://www.chess.com"]

[Event "Titled Tuesday Blitz July 11 Early 2023"]
[White "Kosteniuk, Alexandra"]
[Black "AyMitecK"]
[WhiteFideId "4128125"]
[WhiteElo "2799"]
[BlackElo "2553"]
[Result "1/2-1/2"]
[Round "2"]
[TimeControl "180+2"]
[Date "2023.07.11"]
[WhiteClock "0:00:06"]
[BlackClock "0:00:20"]
[Board "39"]

1. e4 e6 2. d4 d5 3. exd5 exd5 4. Nf3 Bd6 5. c4 Nf6 6. c5 Be7 7. Bd3 b6 8. Be3 O-O 9. O-O Ba6 10. Nc3 Bxd3 11. Qxd3 bxc5 12. dxc5 c6 13. b4 Nbd7 14. Bd4 Re8 15. Rfe1 Qc7 16. h3 Nf8 17. Be5 Qb7 18. Rab1 Ng6 19. Bh2 Bf8 20. a3 a5 21. Ne5 axb4 22. axb4 Ra3 23. Qd4 Nd7 24. Nxg6 Rxe1+ 25. Rxe1 hxg6 26. b5 Nxc5 27. bxc6 Qxc6 28. Qxd5 Qxd5 29. Nxd5 Rd3 30. Ne3 Rd2 31. Rd1 Ra2 32. Be5 Kh7 33. f3 Ne6 34. Nd5 Bc5+ 35. Kh2 Ng5 36. Rf1 Bf2 37. f4 Ne4 38. Nc3 Bg3+ 39. Kg1 Nxc3 40. Bxc3 Rc2 41. Be5 f6 42. Bd6 Rc6 43. Bb8 Rb6 44. Bc7 Rb7 45. Bd6 Rd7 46. Rf3 Be1 47. Bc5 Rd5 48. Bf2 Bd2 49. Kh2 Bc1 50. g3 Rd2 51. Kg2 Bb2 52. Kf1 Rc2 53. Rd3 Bc3 54. Be3 Bb2 55. Bf2 f5 56. Be3 Bf6 57. h4 Kh6 58. Bd2 Kh5 59. Be1 Kg4 60. Rd7 Rh2 61. Bf2 Kf3 62. Rd3+ Kg4 63. Rd6 Be7 64. Rxg6+ Kf3 65. Bg1 Rb2 66. Re6 Bb4 67. Re3+ Kg4 68. Re2 Rb1+ 69. Kg2 Rb3 70. Bf2 Rf3 71. Re3 Rxf2+ 72. Kxf2 Bc5 73. Ke2 Bxe3 74. Kxe3 Kxg3 75. h5 Kg4 76. Kf2 Kxh5 77. Kg3 g6 78. Kh3 Kh6 79. Kh4 Kg7 80. Kg3 Kf6 81. Kf3 Ke6 82. Ke2 Kd5 83. Kd3 Kc5 84. Kc3 Kb5 85. Kd4 Kc6 86. Ke5 Kc5 87. Kf6 Kd5 88. Kxg6 Ke6 89. Kg5 Ke7 90. Kxf5 Kf7 91. Ke5 Ke7 92. f5 Kf7 93. f6 Kf8 94. Ke6 Ke8 95. f7+ Kf8 96. Kf6 1/2-1/2


[Site "https://www.chess.com"]

[Event "Titled Tuesday Blitz July 11 Early 2023"]
[White "Guliev, Logman"]
[Black "Svane, Frederik"]
[WhiteFideId "13400061"]
[BlackFideId "12923044"]
[WhiteElo "2553"]
[BlackElo "2798"]
[Result "0-1"]
[Round "2"]
[TimeControl "180+2"]
[Date "2023.07.11"]
[WhiteClock "0:00:00"]
[BlackClock "0:00:06"]
[Board "40"]

1. e4 e6 2. d4 d5 3. Nd2 Nf6 4. e5 Nfd7 5. Bd3 c5 6. c3 Nc6 7. Ne2 f6 8. exf6 Qxf6 9. Nf3 Bd6 10. O-O O-O 11. Ng3 Kh8 12. Bg5 Qf7 13. Be3 Bf4 14. Qc2 e5 15. dxe5 Ndxe5 16. Nxe5 Nxe5 17. Bxh7 Bxe3 18. fxe3 Qe8 19. Rxf8+ Qxf8 20. Rf1 Qe8 21. Bf5 Be6 22. e4 d4 23. cxd4 cxd4 24. Qc7 Bxa2 25. Nh5 Bf7 26. Nf4 Rd8 27. Be6 d3 28. Qxe5 d2 29. Rd1 Qe7 30. Qf5 Bxe6 31. Nxe6 Re8 32. Qh5+ Kg8 33. Nd4 Qxe4 34. Nf3 Qe3+ 35. Kf1 Qe2+ 36. Kg1 Qxd1+ 37. Kf2 Qe1+ 38. Nxe1 dxe1=Q+ 39. Kf3 Qe2+ 40. Kg3 Qxh5 0-1


[Site "https://www.chess.com"]

[Event "Titled Tuesday Blitz July 11 Early 2023"]
[White "Zemlyanskii, Ivan"]
[Black "Ambartsumova, Karina"]
[WhiteFideId "24249971"]
[BlackFideId "4166299"]
[WhiteElo "2797"]
[BlackElo "2553"]
[Result "0-1"]
[Round "2"]
[TimeControl "180+2"]
[Date "2023.07.11"]
[WhiteClock "0:00:01"]
[BlackClock "0:00:04"]
[Board "41"]

1. d4 d6 2. Nf3 g6 3. c4 Bg7 4. Nc3 e5 5. e4 Bg4 6. dxe5 dxe5 7. Qxd8+ Kxd8 8. Bg5+ Ke8 9. Nd5 Na6 10. c5 Kd7 11. Bxa6 bxa6 12. c6+ Kxc6 13. Rc1+ Kd6 14. Rxc7 Be6 15. Rb7 h6 16. Be3 Bxd5 17. exd5 Ne7 18. b4 Nxd5 19. Rxf7 Rhg8 20. a3 Ke6 21. Rb7 Nxe3 22. fxe3 e4 23. Nd2 Bc3 24. Ke2 Bxd2 25. Kxd2 Rgf8 26. Rc1 Rf2+ 27. Ke1 Rxg2 28. Rc6+ Kd5 29. Rcc7 Rxh2 30. Rd7+ Kc4 31. Rxa7 Rf8 32. Rd4+ Kb3 33. Rxa6 Rff2 34. Rxg6 Ra2 35. Rxe4 Ra1# 0-1


[Site "https://www.chess.com"]

[Event "Titled Tuesday Blitz July 11 Early 2023"]
[White "Horobetz, Graham"]
[Black "Vakhlamov, Igor L."]
[WhiteFideId "2047322"]
[BlackFideId "24126748"]
[WhiteElo "2552"]
[BlackElo "2796"]
[Result "0-1"]
[Round "2"]
[TimeControl "180+2"]
[Date "2023.07.11"]
[WhiteClock "0:00:03"]
[BlackClock "0:00:07"]
[Board "42"]

1. e4 c5 2. Nc3 e6 3. f4 Nc6 4. Nf3 a6 5. a4 d5 6. d3 Nf6 7. Be2 Be7 8. O-O O-O 9. Qe1 b6 10. e5 Nd7 11. Qg3 f6 12. Bd2 Bb7 13. exf6 Nxf6 14. Rae1 Qd6 15. Bd1 Rae8 16. Ne5 Nd7 17. Nxd7 Qxd7 18. Bg4 Nd4 19. Ne2 Nxc2 20. Rc1 Nb4 21. Bxb4 cxb4 22. Kh1 Bc5 23. d4 Bd6 24. b3 a5 25. Rfe1 Ba6 26. Rf1 Rf6 27. Rf2 Ref8 28. Re1 Kh8 29. Qh3 Bc8 30. g3 Qc7 31. Ng1 Qc3 32. Nf3 Qxb3 33. Rfe2 Qc3 34. Ng5 h6 35. Bxe6 Ba6 36. Re3 Qxd4 37. Bg4 b3 38. Ne6 Qd2 39. Nxf8 Rxf8 40. Re8 b2 41. Rxf8+ Bxf8 42. Rd1 Qxd1+ 43. Bxd1 b1=Q 44. Qg4 Qe4+ 45. Kg1 Bc5# 0-1


[Site "https://www.chess.com"]

[Event "Titled Tuesday Blitz July 11 Early 2023"]
[White "Kozak, Antoni"]
[Black "Przybylski, Wojciech"]
[WhiteFideId "21832030"]
[BlackFideId "1117599"]
[WhiteElo "2791"]
[BlackElo "2551"]
[Result "1-0"]
[Round "2"]
[TimeControl "180+2"]
[Date "2023.07.11"]
[WhiteClock "0:02:15"]
[BlackClock "0:01:25"]
[Board "43"]

1. Nf3 Nf6 2. c4 c5 3. g3 g6 4. Bg2 Bg7 5. O-O O-O 6. Nc3 Nc6 7. d4 cxd4 8. Nxd4 a6 9. h3 d6 10. Be3 Bd7 11. Rc1 Rc8 12. Qd2 Re8 13. b3 Rc7 14. Nf3 Bc8 15. Bb6 Qd7 16. Nd5 e6 17. Nxc7 Re7 18. Na8 Ne4 19. Qd3 f5 20. Be3 b5 21. cxb5 axb5 22. Nb6 Qb7 23. Nxc8 1-0


[Site "https://www.chess.com"]

[Event "Titled Tuesday Blitz July 11 Early 2023"]
[White "Rodchenkov, Sergey D."]
[Black "Kushko, Dmitriy"]
[WhiteFideId "4168712"]
[BlackFideId "14162261"]
[WhiteElo "2550"]
[BlackElo "2787"]
[Result "1-0"]
[Round "2"]
[TimeControl "180+2"]
[Date "2023.07.11"]
[WhiteClock "0:00:27"]
[BlackClock "0:00:14"]
[Board "44"]

1. e4 g6 2. d4 Bg7 3. Nc3 d6 4. Be3 a6 5. h4 h6 6. Qd2 b5 7. f3 Bb7 8. a4 c6 9. Na2 Nd7 10. Nh3 Ngf6 11. Nf4 O-O 12. h5 g5 13. Nd3 Qc7 14. Bxg5 Kh7 15. Bf4 c5 16. c3 e5 17. Be3 d5 18. dxe5 Nxe5 19. Nxe5 Qxe5 20. Bf4 Qe6 21. e5 Nd7 22. Bd3+ Kh8 23. O-O-O d4 24. Bb1 Nb6 25. Qc2 f5 26. exf6 Qg8 27. fxg7+ Qxg7 28. Be5 1-0


[Site "https://www.chess.com"]

[Event "Titled Tuesday Blitz July 11 Early 2023"]
[White "Bazeev, German"]
[Black "Leon Oquendo, Jorge"]
[WhiteFideId "24119350"]
[BlackFideId "3514803"]
[WhiteElo "2786"]
[BlackElo "2549"]
[Result "1-0"]
[Round "2"]
[TimeControl "180+2"]
[Date "2023.07.11"]
[WhiteClock "0:01:33"]
[BlackClock "0:00:00"]
[Board "45"]

1. d4 Nf6 2. Nf3 d5 3. c4 c6 4. Qc2 g6 5. Bf4 Bg7 6. e3 O-O 7. Nc3 a6 8. h3 b5 9. c5 Bf5 10. Qc1 h6 11. Be2 g5 12. Bg3 Nbd7 13. O-O Re8 14. Ne5 Nxe5 15. Bxe5 Ne4 16. Bxg7 Kxg7 17. f4 e6 18. Bd3 Nxc3 19. Qxc3 Bxd3 20. Qxd3 f5 21. Rf3 h5 22. fxg5 Qxg5 23. Kh2 h4 24. Qe2 Rg8 25. Qf2 Raf8 26. Rf4 Rh8 27. Rg1 Rf6 28. g4 Rg6 29. gxf5 Qxg1+ 30. Qxg1 Rxg1 31. Kxg1 exf5 32. Rxf5 Re8 33. Kf2 Kg6 34. Rf4 Kg5 35. Rg4+ Kh5 36. Rg7 Rf8+ 37. Ke2 Rf6 38. b4 1-0


[Site "https://www.chess.com"]

[Event "Titled Tuesday Blitz July 11 Early 2023"]
[White "Jaskolka, Tomasz"]
[Black "Bachmann, Axel"]
[WhiteFideId "1170791"]
[BlackFideId "3700488"]
[WhiteElo "2549"]
[BlackElo "2784"]
[Result "0-1"]
[Round "2"]
[TimeControl "180+2"]
[Date "2023.07.11"]
[WhiteClock "0:00:04"]
[BlackClock "0:00:09"]
[Board "46"]

1. d4 Nf6 2. Nc3 d5 3. Bf4 a6 4. e3 e6 5. g4 h6 6. h4 b5 7. Bg2 b4 8. Nb1 c5 9. c3 Nc6 10. Nd2 bxc3 11. bxc3 cxd4 12. cxd4 Bb4 13. Qc2 Bd7 14. g5 Nh5 15. Nf3 Rc8 16. Qd3 Nxf4 17. exf4 Na5 18. g6 f6 19. Qxa6 Nc4 20. Ke2 Ra8 21. Qb7 Rb8 22. Qa6 Nxd2 23. a4 Nxf3 24. Bxf3 Qc7 25. Rhc1 Qxf4 26. Rab1 O-O 27. Qa7 Rfd8 28. Rc7 Qd6 29. Kf1 Kh8 30. a5 Bb5+ 31. Kg2 Ra8 32. Qb7 Rdb8 33. a6 Bxa6 34. Rxb4 Bxb7 35. Rbxb7 Rxb7 36. Rxb7 Rb8 37. Rf7 Kg8 38. h5 Qf4 39. Bd1 Qg5+ 40. Kf1 Rb1 41. Ke2 Qg4+ 42. f3 Qg2+ 43. Ke3 Rxd1 44. Re7 Qd2# 0-1


[Site "https://www.chess.com"]

[Event "Titled Tuesday Blitz July 11 Early 2023"]
[White "Shubenkova, Veronika"]
[Black "Tristan, Leonardo"]
[WhiteFideId "44124040"]
[BlackFideId "113816"]
[WhiteElo "2548"]
[BlackElo "2775"]
[Result "1/2-1/2"]
[Round "2"]
[TimeControl "180+2"]
[Date "2023.07.11"]
[WhiteClock "0:00:52"]
[BlackClock "0:00:12"]
[Board "47"]

1. e4 d5 2. exd5 Qxd5 3. Nc3 Qa5 4. Nf3 Nf6 5. Be2 Bf5 6. O-O e6 7. d3 c6 8. Bd2 Qc7 9. Nd4 Bg6 10. a3 Nbd7 11. b4 Bd6 12. h3 O-O 13. Qb1 Rfe8 14. Qb3 Rad8 15. Rae1 e5 16. Nf3 e4 17. dxe4 Nxe4 18. Nxe4 Bxe4 19. Bc4 Nf6 20. Ng5 Bd5 21. Bc3 Bxc4 22. Qxc4 Nd5 23. Bb2 Be5 24. Rxe5 Rxe5 25. Qh4 Rxg5 26. Qxg5 f6 27. Qg4 Qd7 28. Qg3 Qd6 29. Qb3 Qe6 30. Rd1 Re8 31. c4 Nb6 32. Rc1 Qf7 33. Qd3 Qd7 34. Qf3 Qd2 35. Qb3 Kh8 36. Rd1 Qe2 37. Rc1 Nd7 38. c5 Ne5 39. Bxe5 Qxe5 40. Qf7 Qe7 41. Qh5 Qe5 42. Qf7 Qe7 43. Qc4 Qe4 44. Qf7 Qe7 1/2-1/2


[Site "https://www.chess.com"]

[Event "Titled Tuesday Blitz July 11 Early 2023"]
[White "Maximov, Dmitry"]
[Black "Demin, Vladimir"]
[WhiteFideId "14105659"]
[BlackFideId "4167457"]
[WhiteElo "2774"]
[BlackElo "2546"]
[Result "1-0"]
[Round "2"]
[TimeControl "180+2"]
[Date "2023.07.11"]
[WhiteClock "0:00:29"]
[BlackClock "0:00:03"]
[Board "48"]

1. e4 e5 2. Nf3 Nc6 3. Bb5 a6 4. Ba4 Bc5 5. O-O Nge7 6. c3 Ba7 7. d4 Ng6 8. d5 Nce7 9. h4 b5 10. Bc2 d6 11. h5 Bg4 12. hxg6 hxg6 13. Qd3 Nf5 14. exf5 gxf5 15. Nbd2 Kf8 16. Re1 Qf6 17. a4 Qh6 18. Kf1 Qh1+ 19. Ng1 f4 20. Nf3 f5 21. Bxf4 e4 22. Rxe4 fxe4 23. Qxe4 Re8 24. Bxd6+ cxd6 25. Qxg4 Qh6 26. axb5 Bc5 27. bxa6 Qf6 28. a7 1-0


[Site "https://www.chess.com"]

[Event "Titled Tuesday Blitz July 11 Early 2023"]
[White "Mortazavi, Ali"]
[Black "Schmakel, Sam"]
[WhiteFideId "401323"]
[BlackFideId "2039311"]
[WhiteElo "2540"]
[BlackElo "2772"]
[Result "1-0"]
[Round "2"]
[TimeControl "180+2"]
[Date "2023.07.11"]
[WhiteClock "0:00:09"]
[BlackClock "0:00:01"]
[Board "49"]

1. Nf3 g6 2. e4 Bg7 3. d4 d6 4. Nc3 a6 5. Be3 b5 6. a4 b4 7. Ne2 Bb7 8. Ng3 Nf6 9. Bd3 O-O 10. h3 Nbd7 11. O-O c5 12. c3 c4 13. Bb1 b3 14. Qd2 Rc8 15. Bh6 e5 16. a5 Bc6 17. Re1 Re8 18. Bxg7 Kxg7 19. Nh4 Kh8 20. f4 Nh5 21. Nhf5 Nxg3 22. Nxd6 Rf8 23. Nxc8 Qxc8 24. fxe5 Qd8 25. Qf4 Nh5 26. Qf2 Bb5 27. Rf1 Qe7 28. Kh2 Ng7 29. Qg3 f6 30. exf6 Nxf6 31. e5 Nfh5 32. Qe1 Rxf1 33. Qxf1 Ne6 34. Be4 Kg7 35. Qf2 Ng5 36. Bf3 Nxf3+ 37. Qxf3 Kh6 38. Rf1 Ng7 39. Qe3+ Qg5 40. Qxg5+ Kxg5 41. d5 Nf5 42. e6 h5 43. Re1 Kf6 44. g4 hxg4 45. hxg4 Nd6 46. e7 g5 47. Re6+ Kf7 48. Rxd6 Kxe7 49. Rg6 Kd7 50. Rxg5 Kd6 51. Rh5 Be8 52. Kh1 Bd7 53. Rg5 Be8 54. Kg2 Bd7 55. Kg3 Be8 56. Kf4 Bd7 57. Ke4 Be8 58. Kd4 Bd7 59. Rg6+ 1-0


[Site "https://www.chess.com"]

[Event "Titled Tuesday Blitz July 11 Early 2023"]
[White "Hilary46"]
[Black "Papayan, Oleg"]
[BlackFideId "4193911"]
[WhiteElo "2768"]
[BlackElo "2538"]
[Result "0-1"]
[Round "2"]
[TimeControl "180+2"]
[Date "2023.07.11"]
[WhiteClock "0:01:17"]
[BlackClock "0:00:05"]
[Board "50"]

1. e4 e5 2. Nf3 Nc6 3. Bb5 a6 4. Ba4 Nf6 5. O-O b5 6. Bb3 Bc5 7. c3 d6 8. d4 Bb6 9. Be3 O-O 10. h3 Bb7 11. d5 Ne7 12. Bxb6 cxb6 13. Nbd2 Ng6 14. g3 Qd7 15. h4 Qg4 16. Bc2 Rac8 17. a3 Nf4 18. Ng5 Nh3+ 19. Nxh3 Qxh3 20. Qf3 Ng4 21. Qg2 Qxg2+ 22. Kxg2 a5 23. Bd3 f5 24. exf5 Bxd5+ 25. Be4 Bxe4+ 26. Nxe4 Rc6 27. Rad1 Rxf5 28. Nxd6 Rxf2+ 29. Rxf2 Ne3+ 30. Kf3 Nxd1 31. Rd2 Nxb2 32. Nxb5 Nc4 33. Rd7 Nxa3 34. Nd6 Rxc3+ 35. Ke4 h6 36. g4 Rg3 37. Kf5 Nc2 38. g5 hxg5 39. hxg5 Nd4+ 40. Kg6 Kf8 41. Rf7+ Kg8 42. Rxg7+ Kf8 43. Rf7+ Kg8 44. Rb7 Kf8 45. Rf7+ Kg8 46. Ne8 Rxg5+ 47. Kxg5 Kxf7 48. Nd6+ Ke6 49. Nc4 a4 50. Kg4 b5 51. Na3 b4 52. Nc4 a3 0-1


[Site "https://www.chess.com"]

[Event "Titled Tuesday Blitz July 11 Early 2023"]
[White "Berezin, Viktor"]
[Black "Remizov, Yaroslav"]
[WhiteFideId "14107872"]
[BlackFideId "34134015"]
[WhiteElo "2537"]
[BlackElo "2766"]
[Result "0-1"]
[Round "2"]
[TimeControl "180+2"]
[Date "2023.07.11"]
[WhiteClock "0:00:49"]
[BlackClock "0:01:14"]
[Board "51"]

1. d4 Nf6 2. Nf3 e6 3. c4 d5 4. g3 Bb4+ 5. Nbd2 dxc4 6. Qc2 b5 7. Bg2 Bb7 8. O-O O-O 9. a3 Be7 10. e4 Nbd7 11. e5 Nd5 12. Ne4 c5 13. Neg5 g6 14. h4 cxd4 15. Nxd4 Nxe5 16. Nxb5 Qb6 17. Nc3 Nxc3 18. Qxc3 Bxg2 19. Kxg2 Qc6+ 20. f3 Bf6 21. Ne4 Bg7 22. Bh6 Bxh6 23. Qxe5 Bg7 24. Nf6+ Kh8 25. Rac1 Rad8 26. Qf4 e5 27. Rxc4 Qxf6 28. Qxf6 Rd2+ 29. Rf2 Rxf2+ 30. Kxf2 Bxf6 31. Rc7 e4 32. fxe4 Bxb2 33. Ke3 Bxa3 0-1


[Site "https://www.chess.com"]

[Event "Titled Tuesday Blitz July 11 Early 2023"]
[White "Gorovets, Andrey"]
[Black "Rangel, Daniel"]
[WhiteFideId "13504037"]
[BlackFideId "2124475"]
[WhiteElo "2762"]
[BlackElo "2534"]
[Result "1-0"]
[Round "2"]
[TimeControl "180+2"]
[Date "2023.07.11"]
[WhiteClock "0:00:18"]
[BlackClock "0:00:05"]
[Board "52"]

1. d4 Nf6 2. c4 e6 3. Nf3 d5 4. g3 Be7 5. Nc3 O-O 6. Bg2 a5 7. O-O c6 8. Nd2 b6 9. e4 Ba6 10. b3 b5 11. e5 Nfd7 12. c5 b4 13. Ne2 f6 14. f4 fxe5 15. fxe5 Bg5 16. Nf3 Bxc1 17. Rxc1 Bb5 18. Qc2 Na6 19. h4 h6 20. Bh3 Qe7 21. Rf2 Nc7 22. Nf4 Rxf4 23. gxf4 Rf8 24. Kh2 Rxf4 25. Rg1 Nf8 26. Rg3 Qf7 27. Rfg2 Ne8 28. Qd1 Kh8 29. Rf2 Rxh4 30. Nxh4 Qxf2+ 31. Ng2 Be2 32. Qd2 Qf1 33. Nf4 Bb5 34. Bxf1 Bxf1 35. Ng6+ Nxg6 36. Rxg6 Kh7 37. Rxe6 Nc7 38. Rxc6 Nb5 39. e6 Nc3 40. e7 Ne4 41. Qf4 Bb5 42. e8=Q Bxc6 43. Qf5+ g6 44. Qfxg6# 1-0


[Site "https://www.chess.com"]

[Event "Titled Tuesday Blitz July 11 Early 2023"]
[White "Rottenwohrer Suarez, Juan"]
[Black "Atakhan, Abtin"]
[WhiteFideId "32068182"]
[BlackFideId "22502203"]
[WhiteElo "2533"]
[BlackElo "2762"]
[Result "1-0"]
[Round "2"]
[TimeControl "180+2"]
[Date "2023.07.11"]
[WhiteClock "0:00:02"]
[BlackClock "0:01:12"]
[Board "53"]

1. Nf3 Nf6 2. g3 g6 3. Bg2 Bg7 4. O-O O-O 5. a4 d6 6. a5 e5 7. a6 Nxa6 8. Nxe5 dxe5 9. Rxa6 bxa6 10. Bxa8 e4 11. Bc6 Qd4 12. d3 Bh3 13. Re1 Rd8 14. Nc3 Qc5 15. Bxe4 Ng4 16. e3 Qh5 17. Bf3 f5 18. d4 c5 19. d5 Qh6 20. e4 Qh5 21. e5 g5 22. e6 Bd4 23. Be3 Bxc3 24. bxc3 Qh6 25. e7 Re8 26. d6 Qe6 27. Bd5 1-0


[Site "https://www.chess.com"]

[Event "Titled Tuesday Blitz July 11 Early 2023"]
[White "Dushyant Sharma"]
[Black "Boruchovsky, Avital"]
[WhiteFideId "25065130"]
[BlackFideId "2800055"]
[WhiteElo "2531"]
[BlackElo "2753"]
[Result "0-1"]
[Round "2"]
[TimeControl "180+2"]
[Date "2023.07.11"]
[WhiteClock "0:00:09"]
[BlackClock "0:00:34"]
[Board "54"]

1. e4 e6 2. d4 d5 3. exd5 exd5 4. Bd3 Nf6 5. Nf3 c5 6. c3 c4 7. Bc2 Bd6 8. O-O O-O 9. Ne5 Nbd7 10. f4 b5 11. Be3 Bb7 12. Nd2 Ne4 13. Nxe4 dxe4 14. b3 f6 15. Nxd7 Qxd7 16. bxc4 bxc4 17. Rb1 Bd5 18. Qh5 f5 19. Rb2 Rab8 20. Rfb1 Rxb2 21. Rxb2 Rb8 22. Rxb8+ Bxb8 23. h3 g6 24. Qh4 Bd6 25. Qf6 Qe7 26. Qxe7 Bxe7 27. Bc1 Kf7 28. g3 Bc6 29. Kf2 Ke6 30. Ke3 Kd7 31. Bd1 Kc7 32. Be2 Bb5 33. g4 Bh4 34. gxf5 gxf5 35. Bd2 Kb6 36. Bh5 Bd7 37. Bf7 Kb5 38. Bc1 Be1 39. Bd2 Bg3 40. Bc1 a5 41. a4+ Kxa4 42. Bxc4 Be1 43. Bb2 Bh4 44. Bg8 h6 45. Bc1 Be7 46. c4 Kb3 47. Kd2 Bb4+ 48. Kd1 Kc3 49. Bd2+ Kxd4 50. Bxb4 axb4 51. Kc2 Ba4+ 52. Kb2 e3 0-1


[Site "https://www.chess.com"]

[Event "Titled Tuesday Blitz July 11 Early 2023"]
[White "Yeritsyan, Hayk"]
[Black "Preotu, Razvan"]
[WhiteFideId "13307320"]
[BlackFideId "2613280"]
[WhiteElo "2529"]
[BlackElo "2750"]
[Result "0-1"]
[Round "2"]
[TimeControl "180+2"]
[Date "2023.07.11"]
[WhiteClock "0:00:00"]
[BlackClock "0:00:18"]
[Board "55"]

1. d4 Nf6 2. Nf3 g6 3. Bf4 Bg7 4. h3 O-O 5. e3 d6 6. c3 c5 7. Be2 Qb6 8. Qb3 Be6 9. Qxb6 axb6 10. a3 cxd4 11. exd4 Nd5 12. Bh2 Bd7 13. O-O b5 14. Nbd2 Bc6 15. Rfe1 Nd7 16. Bd3 Rfe8 17. Re2 Bh6 18. Rae1 Kf8 19. Ne4 Nf4 20. Bxf4 Bxf4 21. Ned2 Bh6 22. Ne4 Bg7 23. Neg5 h6 24. Ne4 f5 25. Ned2 e5 26. dxe5 dxe5 27. Bc2 Bf6 28. Nb3 b6 29. Rd1 Rac8 30. Red2 Rc7 31. Rd6 Kg7 32. Rxc6 Rxc6 33. Rxd7+ Kf8 34. Kf1 Ree6 35. Ke2 Red6 36. Rxd6 Rxd6 37. Nfd2 e4 38. g3 Ke7 39. h4 Ke6 40. Nf1 Ke5 41. Nd4 f4 42. gxf4+ Kxf4 43. Nxb5 Rd5 44. Nd4 Bxd4 45. cxd4 Rxd4 46. Ne3 g5 47. hxg5 Kxg5 48. b4 h5 49. Ng2 h4 50. Ke3 h3 51. Nf4 h2 52. Ne6+ Kf6 53. Nxd4 h1=Q 54. Bxe4 Qc1+ 55. Kf3 Qxa3+ 56. Kf4 Qxb4 57. Ne2 b5 58. f3 Qd2+ 59. Kg4 b4 60. Nf4 b3 61. Nd5+ Ke5 0-1


[Site "https://www.chess.com"]

[Event "Titled Tuesday Blitz July 11 Early 2023"]
[White "Mahdavi, Reza"]
[Black "Kuzmin, Roman"]
[WhiteFideId "12595926"]
[BlackFideId "44134932"]
[WhiteElo "2750"]
[BlackElo "2528"]
[Result "0-1"]
[Round "2"]
[TimeControl "180+2"]
[Date "2023.07.11"]
[WhiteClock "0:00:41"]
[BlackClock "0:00:53"]
[Board "56"]

1. Nf3 Nf6 2. c4 e6 3. d4 d5 4. g3 Nbd7 5. Bg2 Be7 6. O-O O-O 7. Nbd2 c6 8. Qc2 b6 9. b3 Bb7 10. Bb2 c5 11. Rfd1 dxc4 12. Nxc4 b5 13. Nce5 Nxe5 14. dxe5 Nd5 15. Rac1 Qb6 16. Qb1 Rfd8 17. h4 h6 18. Nd2 a5 19. a4 Ba6 20. axb5 Qxb5 21. Nc4 Qxb3 22. Nxa5 Qa4 23. Qa1 Qxa1 24. Rxa1 Bxe2 25. Re1 Bb5 26. Nb7 Rdb8 27. Rxa8 Rxa8 28. Nd6 Bd3 29. Rd1 c4 30. Nb5 Rb8 31. Bxd5 Rxb5 0-1


[Site "https://www.chess.com"]

[Event "Titled Tuesday Blitz July 11 Early 2023"]
[White "splendidkid"]
[Black "Shturman, Arseniy"]
[BlackFideId "34275797"]
[WhiteElo "2749"]
[BlackElo "2526"]
[Result "0-1"]
[Round "2"]
[TimeControl "180+2"]
[Date "2023.07.11"]
[WhiteClock "0:00:00"]
[BlackClock "0:00:35"]
[Board "57"]

1. d4 Nf6 2. c4 g6 3. Nc3 Bg7 4. Nf3 O-O 5. Bf4 d6 6. h3 Nbd7 7. e3 b6 8. Be2 Bb7 9. Qc2 Re8 10. O-O e5 11. dxe5 Nxe5 12. Nxe5 dxe5 13. Bh2 Qe7 14. Rac1 Rad8 15. a3 a5 16. Rfd1 Kf8 17. Bg3 h6 18. Bh4 g5 19. Bg3 Qe6 20. Nd5 Nxd5 21. cxd5 Rxd5 22. Qxc7 Rxd1+ 23. Rxd1 Qc6 24. Qd6+ Qxd6 25. Rxd6 Re6 26. Rd7 Re7 27. Rd6 Re6 28. Rxe6 fxe6 29. Bc4 Bd5 30. Bxd5 exd5 31. Kf1 a4 32. e4 Ke7 33. Ke2 Kd6 34. Kd3 b5 35. f3 d4 36. Be1 h5 37. Bb4+ Ke6 38. g3 Bh6 39. Bd2 g4 40. hxg4 Bxd2 41. Kxd2 hxg4 42. fxg4 Kf6 43. Ke2 Kg6 44. Kf2 Kg5 45. Kf3 d3 46. Ke3 Kxg4 47. Kxd3 Kxg3 48. Ke3 Kg4 49. Ke2 Kf4 50. Kd3 Kf3 51. Kc3 Kxe4 52. Kb4 Kf5 53. Kxb5 e4 54. Kc4 Kf4 55. b4 axb3 56. Kxb3 e3 57. Kc3 Kf3 58. a4 e2 59. a5 e1=Q+ 0-1


[Site "https://www.chess.com"]

[Event "Titled Tuesday Blitz July 11 Early 2023"]
[White "Turzo, Attila"]
[Black "Concio, Michael Jr."]
[WhiteFideId "704954"]
[BlackFideId "5217873"]
[WhiteElo "2525"]
[BlackElo "2743"]
[Result "0-1"]
[Round "2"]
[TimeControl "180+2"]
[Date "2023.07.11"]
[WhiteClock "0:00:00"]
[BlackClock "0:00:14"]
[Board "58"]

1. d4 Nf6 2. c4 e6 3. g3 Bb4+ 4. Nd2 d5 5. Bg2 O-O 6. Nf3 dxc4 7. O-O c3 8. Nc4 cxb2 9. Bxb2 Nbd7 10. Qb3 Be7 11. Rfd1 Rb8 12. a4 a6 13. a5 Nd5 14. e4 N5f6 15. Nfe5 Nxe5 16. Nxe5 Bd7 17. Rac1 Bb5 18. d5 exd5 19. exd5 Bd6 20. Nc4 Re8 21. Nxd6 Qxd6 22. Bxf6 Qxf6 23. Rxc7 Qd6 24. Rdc1 g6 25. Qf3 Re7 26. Rxe7 Qxe7 27. Qf4 Rd8 28. Qc7 Rd7 29. Qc8+ Kg7 30. h4 Qa3 31. h5 Rd8 32. Qc7 Rd7 33. Qe5+ f6 34. Qc3 Qxc3 35. Rxc3 Kf7 36. hxg6+ hxg6 37. Bh3 f5 38. Bg2 Ke7 39. Rc8 Rd8 40. Rc7+ Rd7 41. Rc8 Kf6 42. f4 Bd3 43. Kf2 Be4 44. Bxe4 fxe4 45. Rc5 Ke7 46. Ke3 Kd6 47. Kd4 e3 48. Rc1 e2 49. Re1 Re7 50. g4 Re8 51. f5 gxf5 52. gxf5 Re5 53. Kc4 Rxf5 54. Rxe2 Rxd5 55. Kb4 Rd4+ 56. Ka3 Kc6 57. Rb2 Rd5 58. Rb6+ Kc7 59. Kb4 Rd6 60. Rxd6 Kxd6 0-1


[Site "https://www.chess.com"]

[Event "Titled Tuesday Blitz July 11 Early 2023"]
[White "Jarovinsky, Alexey"]
[Black "Tokman, Ariel"]
[WhiteFideId "14115131"]
[BlackFideId "117420"]
[WhiteElo "2737"]
[BlackElo "2525"]
[Result "0-1"]
[Round "2"]
[TimeControl "180+2"]
[Date "2023.07.11"]
[WhiteClock "0:00:01"]
[BlackClock "0:00:04"]
[Board "59"]

1. Nc3 d5 2. e4 c6 3. Qf3 e6 4. d4 dxe4 5. Nxe4 Nf6 6. c3 Nxe4 7. Qxe4 Nd7 8. Nf3 Nf6 9. Qe2 Bd7 10. g3 c5 11. Ne5 cxd4 12. Bg2 Bd6 13. O-O O-O 14. cxd4 Nd5 15. Bd2 Bxe5 16. dxe5 Bc6 17. Rfd1 Qe7 18. Rac1 Rfd8 19. Be4 h6 20. Bb1 Nb6 21. a3 Rd5 22. Ba2 Rd7 23. Bb4 Qg5 24. Bb1 Rad8 25. Re1 h5 26. f4 Qg4 27. Be4 Qxe2 28. Rxe2 Bxe4 29. Rxe4 Nd5 30. Bd6 Kh7 31. Kf2 Kg6 32. h3 Nf6 33. Rec4 Nd5 34. Kf3 Rh8 35. b4 Rdd8 36. R4c2 Kf5 37. b5 g5 38. fxg5 Kxg5 39. Rd2 Kf5 40. g4+ hxg4+ 41. hxg4+ Kg6 42. Kg3 Rh7 43. Rf1 Rdh8 44. Kf3 Rh3+ 45. Ke4 Re3+ 46. Kd4 Rxa3 47. Rdf2 Ra4+ 48. Kc5 Rh7 49. Bc7 Ra2 50. Kd6 Rxf2 51. Rxf2 Nc3 52. Rf3 Nxb5+ 53. Kd7 f5+ 54. Kxe6 Nxc7+ 55. Kd6 fxg4 56. Rf6+ Kg5 57. Rf8 Nb5+ 58. Kc5 a6 59. e6 Re7 60. Kd5 g3 61. Ke5 Kg4 62. Rg8+ Kf3 63. Kf6 Rc7 64. Rg7 Rxg7 65. Kxg7 g2 0-1


[Site "https://www.chess.com"]